 Dungeon Crawl Stone Soup version 0.26-a0-180-ge96aa7da28 (webtiles) character file.

Game seed: 13585058013854640721

67 MalarOregon the Twirler (level 3, 0/31 HPs)
             Began as a Draconian Gladiator on July 3, 2020.
             Slain by a gnoll
             ... wielding a +0 spear
              (3 damage)
             ... on level 2 of the Dungeon.
             The game lasted 00:01:47 (977 turns).

MalarOregon the Twirler (Draconian Gladiator)        Turns: 977, Time: 00:01:48

Health: 0/31       AC:  5    Str: 16    XL:     3   Next: 98%
Magic:  4/4        EV: 13    Int:  9    God:
Gold:   77         SH:  5    Dex: 12    Spells: 4/4 levels left

rFire    . . .     SeeInvis .   a - +0 quarterstaff
rCold    . . .     Faith    .   (shield currently unavailable)
rNeg     . . .     Spirit   .   (armour unavailable)
rPois    .         Reflect  +   b - +0 hat
rElec    .         Harm     .   (no cloak)
rCorr    .                      (no gloves)
MR       .....                  (no boots)
Stlth    +.........             j - amulet of reflection
HPRegen  0.10/turn              (no ring)
MPRegen  0.09/turn              (no ring)

@: no status effects
A: unfitting armour, cold-blooded, AC +5
a: no special abilities


You were on level 2 of the Dungeon.
You were not hungry.

You visited 1 branch of the dungeon, and saw 2 of its levels.

You collected 77 gold pieces.

Inventory:

Hand Weapons
 a - a +0 quarterstaff (weapon)
Missiles
 c - 3 throwing nets (quivered) {!f}
Armour
 b - a +0 hat (worn)
 f - a +0 pair of boots
   (You found it on level 1 of the Dungeon)
Jewellery
 j - an amulet of reflection (around neck)
   (You found it on level 1 of the Dungeon)
Scrolls
 i - a scroll of enchant armour {unknown}
 k - a scroll of amnesia {unknown}
 l - a scroll of blinking {unknown}
 m - a scroll of teleportation {unknown}
 n - 2 scrolls of identify {unknown}
 o - a scroll of remove curse {unknown}
Potions
 d - a potion of heal wounds {unknown}
 h - 2 potions of curing {unknown}
Comestibles
 e - 2 rations {!d}
 g - 6 chunks of flesh


   Skills:
 * Level 3.0 Fighting
 * Level 3.6 Staves
 - Level 1.7 Throwing
 * Level 3.2 Dodging
 + Level 1.0 Spellcasting


You had 4 spell levels left.
You didn't know any spells.
Your spell library was empty.

Dungeon Overview and Level Annotations

Branches:
Dungeon (2/15)

Altars:
Uskayaw


Innate Abilities, Weirdness & Mutations

Your plain brown scales are hard. (AC +5)
You cannot fit into any form of body armour.
You are cold-blooded and may be slowed by cold attacks.


Message History

You butcher the bat corpse.
g - 6 chunks of flesh (gained 1)
You see here a bat skeleton. x2
No target in view!
Found a scroll labeled QOFRUI UFUREI.
No target in view!
o - a scroll labeled QOFRUI UFUREI No target in view!
As you open the door, it creaks loudly! 4 gnolls come into view.
The gnoll shouts! x4
You sock the gnoll! The gnoll barely misses you.
You closely miss the gnoll. You block the gnoll's attack.
You sock the gnoll!
You kill the gnoll!
The gnoll closely misses you.
You barely miss the gnoll. The gnoll hits you with a +0 club.
The gnoll barely misses you.
You hit the gnoll. You block the gnoll's attack. The gnoll closely misses you.
You closely miss the gnoll.
Your tail-slap misses the gnoll.
The gnoll hits you from afar with a +0 spear.
You block the gnoll's attack. The gnoll hits you but does no damage.
You hit the gnoll. The gnoll barely misses you. The gnoll misses you.
You barely miss the gnoll. The gnoll hits you with a +0 club.
The gnoll hits you from afar with a +0 spear.
You hit the gnoll but do no damage. You block the gnoll's attack.
The gnoll hits you from afar with a +0 spear.
* * * LOW HITPOINT WARNING * * *
You hit the gnoll but do no damage. The gnoll misses you.
You sock the gnoll!
You kill the gnoll!
Your Fighting skill increases to level 3!
Your Spellcasting skill increases to level 1!
You hit the gnoll. The gnoll hits you but does no damage.
You sock the gnoll!
You kill the gnoll!
The gnoll barely misses you. The gnoll barely misses you.
You hit the gnoll. The gnoll hits you with a +0 spear!
* * * LOW HITPOINT WARNING * * *
You hit the gnoll. The gnoll hits you but does no damage.
You hit the gnoll. The gnoll hits you but does no damage.
You barely miss the gnoll. The gnoll hits you with a +0 spear.
* * * LOW HITPOINT WARNING * * *
You hit the gnoll but do no damage.
You tail-slap the gnoll, but do no damage.
The gnoll barely misses you.
You hit the gnoll. You tail-slap the gnoll. The gnoll barely misses you.
The gnoll hits you with a +0 spear.
You die...

#### ..# # #.######## #
#........# ## ###..#####.#
#.. ÷........#.# #.#
###........########## #..
..#.####.......g@..÷# #..
..#.#
#.....#######.###########..
....# ##...##
#.............. ..### ##g##
##.######..###.. ..# #.#
##...## ##...)... #.# #.#
#.....###.÷.####. #.# #'#
#.......#...#..#. ..# ...
#>....#.#._.#(.#. ### .....
##...##.#...#(.#.


You could see a gnoll.

Vanquished Creatures
  An adder (D:2)
  3 gnolls (D:2)
  2 dart slugs
  2 leopard geckos (D:2)
  5 bats
  3 goblins
  3 hobgoblins (D:1)
  3 kobolds
  A frilled lizard (D:1)
  3 rats
26 creatures vanquished.

Notes
Turn   | Place    | Note
-------+----------+-------------------------------------------
     0 | D:1      | MalarOregon the Draconian Gladiator began the quest for the
                  | Orb.
     0 | D:1      | Reached XP level 1. HP: 17/17 MP: 1/1
   184 | D:1      | Reached XP level 2. HP: 25/25 MP: 2/2
   784 | D:2      | Noticed a -1 hand axe
   784 | D:2      | Noticed a +0 hand axe
   785 | D:2      | Found a hide-covered altar of Uskayaw.
   838 | D:2      | Reached XP level 3. HP: 28/30 MP: 2/4
   967 | D:2      | Reached skill level 1 in Spellcasting
   977 | D:2      | Slain by a gnoll

Illustrated notes

Levels and vault maps discovered:
D:1:      minmay_arrival_radiant_lines, layout_loops_ring, serial_bayou,
          serial_bayou_pond_d, serial_bayou_pond_d, serial_bayou_shore_b,
          serial_bayou_pond_c
D:2:      layout_loops_corners, dancing_weapons_uskayaw,
          chequers_ecumenical_altar_simple_redux

Skill      XL: |  1  2  3 |
---------------+----------+-----
Dodging        | 3 |  3.2
Fighting       | 3 |  3.0
Spellcasting   | 1 |  1.0
Staves         | |  3.6
Throwing       | |  1.7

Action                   || total
-------------------------++-------
Melee: Quarterstaff      ||    71
       Tailslap          ||     9
 Stab: Sleeping          ||     2
Armor: Skin              ||    11
Dodge: Dodged            ||    46
Block: Other             ||     7

Table legend:
 A = Non-vault XP
 B = Vault XP
 C = Vault XP percentage of total XP
 D = Non-vault monster count
 E = Vault monster count
 F = Vault count percentage of total count
                 A         B        C        D         E       F
            +---------+---------+-------+---------+---------+-------
      Total |      96 |       0 |   0.0 |      26 |       0 |   0.0
            +---------+---------+-------+---------+---------+-------
        D:1 |      25 |       0 |   0.0 |      14 |       0 |   0.0
        D:2 |      71 |       0 |   0.0 |      12 |       0 |   0.0
            +---------+---------+-------+---------+---------+-------
